 Dungeon Crawl Stone Soup version 0.20-a0-1017-gc3250ce (webtiles) character file.

21781 MatthieuS the Summoner (level 12, -5/96 HPs)
             Began as a Green Draconian Summoner on Apr 17, 2017.
             Was the Champion of Okawaru.
             Shot with an arrow by a salamander (12 damage)
             ... in a volcano.
             The game lasted 02:22:01 (21845 turns).

MatthieuS the Summoner (Green Draconian Summoner)  Turns: 21845, Time: 02:22:02

Health: -5/96      AC: 11    Str: 13    XL:     12   Next: 57%
Magic:  2/34       EV: 16    Int: 16    God:    Okawaru [******]
Gold:   807        SH:  0    Dex: 14    Spells: 9/30 levels left

rFire    + . .     SeeInvis +   r - +3 quarterstaff (chaos)
rCold    + . .     Gourm    .   (shield currently unavailable)
rNeg     . . .     Faith    .   (armour unavailable)
rPois    +         Spirit   .   (helmet restricted)
rElec    .         Reflect  .   f - scarf {rC+ rF+}
rCorr    .         Harm     .   (no gloves)
MR       .....                  l - +2 pair of boots
Stlth    ++........             (no amulet)
Regen    0.3/turn               k - ring of see invisible
MPRegen  0.3/turn               u - ring of magical power

@: short of breath, very slightly contaminated
A: breathe noxious fumes, unfitting armour, poison resistance, cold-blooded, AC
+8
a: Breathe Noxious Fumes, Heroism, Finesse, Renounce Religion


You were in a volcano.
You worshipped Okawaru.
Okawaru was exalted by your worship.
You were very hungry.

You visited 3 branches of the dungeon, and saw 16 of its levels.
You also visited: Volcano.

You collected 807 gold pieces.

Inventory:

Hand Weapons
 r - a +3 quarterstaff of chaos (weapon)
 z - the +8 morningstar of the Ring {crush, *Corrode +Fly rElec}
   (You found it on level 11 of the Dungeon)

   It inflicts extra damage upon your enemies.
   It insulates you from electricity.
   It lets you fly.
   It may corrode you when you take damage.
 K - the +1 war axe of the Oracle {chop, +Blink Int+2 Stlth+}
   (You found it on level 2 of the Lair of Beasts)

   It inflicts extra damage upon your enemies.
   It affects your intelligence (+2).
   It lets you blink.
   It makes you more stealthy.
Armour
 f - a scarf of resistance (worn)
 l - a +2 pair of boots (worn)
 q - a +2 cloak of poison resistance
Jewellery
 j - an uncursed ring of magical power
 k - a ring of see invisible (left hand)
 u - a ring of magical power (right hand)
Wands
 a - a wand of flame (12/48)
 h - a wand of digging (5/24)
 t - a wand of iceblast (2/15)
 w - a wand of random effects (28/48)
 A - a wand of iceblast (2/15)
 C - a wand of polymorph (6/24)
 E - a wand of random effects (32/48)
 G - a wand of acid (6/15)
 H - a wand of digging (20/24)
 J - a wand of confusion (24/48)
Scrolls
 b - a scroll of brand weapon {unknown}
 c - a scroll of fog
 n - 3 scrolls of remove curse
 p - a scroll of amnesia
 x - a scroll of magic mapping
 y - a scroll of recharging
Potions
 v - 2 potions of ambrosia {unknown}
 B - 3 potions of flight
 D - a potion of resistance {unknown}
 F - a potion of agility {unknown}
 M - a potion of magic {unknown}
Books
 d - a book of Callings

   Spells                             Type                      Level
   a - Summon Small Mammal            Summoning                    1
   b - Call Imp                       Summoning                    2
   c - Call Canine Familiar           Summoning                    3
   d - Summon Guardian Golem          Hexes/Summoning              3
   e - Summon Lightning Spire         Summoning/Air                4
   f - Summon Ice Beast               Ice/Summoning                4
 I - a book of Maledictions

   Spells                             Type                      Level
   a - Corona                         Hexes                        1
   b - Ensorcelled Hibernation        Hexes/Ice                    2
   c - Confuse                        Hexes                        3
   d - Tukima's Dance                 Hexes                        3
   e - Dazzling Spray                 Conjuration/Hexes            3
Comestibles
 g - a bread ration
 i - 9 meat rations
 m - 2 royal jellies
 o - a chunk of flesh


   Skills:
 - Level 6.2 Fighting
 + Level 10.7 Staves
 - Level 7.0 Dodging
 - Level 1.7 Stealth
 + Level 9.6 Spellcasting
 - Level 3.3 Hexes
 + Level 11.9 Summonings
 - Level 1.0 Ice Magic


You had 9 spell levels left.
You knew the following spells:

 Your Spells              Type           Power        Failure   Level  Hunger
a - Ensorcelled Hibernat  Hex/Ice        ##....       8%          2    None
b - Call Imp              Summ           #####...     1%          2    None
c - Call Canine Familiar  Summ           #####...     1%          3    None
d - Summon Guardian Gole  Hex/Summ       ####....     1%          3    None
e - Summon Lightning Spi  Summ/Air       ####....     12%         4    ###....
f - Summon Ice Beast      Ice/Summ       ####....     10%         4    ###....
g - Tukima's Dance        Hex            ###.....     10%         3    None


Dungeon Overview and Level Annotations

Branches:
Dungeon (11/15)            Temple (1/1) D:4            Lair (4/6) D:9
  Swamp (0/4) Lair:4          Orc (0/2) D:9
  Snake: Lair:2-4    Spider: Lair:2-4

Altars:
Cheibriados
Dithmenos
Fedhas
Gozag
Hepliaklqana
Kikubaaqudgha
Makhleb
Nemelex Xobeh
Okawaru
Qazlal
Sif Muna
Trog
Uskayaw
Vehumet
Wu Jian
Xom
Yredelemnul
Zin

Shops:
D:11 :}

Annotations:
D:7 exclusion: ice statue
D:11 DoctorBileduct's ghost, journeyman MiBe; Sergey's ghost, journeyman TeWz
Lair:1 Fannar


Innate Abilities, Weirdness & Mutations

You can breathe blasts of noxious fumes.
Your lurid green scales are hard. (AC +8)
You cannot fit into any form of body armour.
Your system is resistant to poisons. (rPois)
You are cold-blooded and may be slowed by cold attacks.


Message History

* * * LOW HITPOINT WARNING * * *
Your crimson imp barely misses the red draconian.
The red draconian barely misses you.
The salamander unwields an uncursed shortbow of flaming.
It stops flaming.
The salamander misses your crimson imp.
You barely miss the red draconian.
The red draconian is lightly wounded.
Your crimson imp barely misses the red draconian.
Your crimson imp blinks!
You feel better.
Your crimson imp disappears in a puff of smoke!
The red draconian seems less confused.
The red draconian hits you with a flail of flaming!
* * * LOW HITPOINT WARNING * * *
The red draconian burns you.
* * * LOW HITPOINT WARNING * * *
Your crimson imp barely misses the red draconian.
The salamander wields an uncursed shortbow of flaming.
It bursts into flame!
The salamander shoots an arrow.
The arrow hits you!
You die...

§§§≈≈≈≈≈≈≈....#
..(.##
§≈≈≈≈≈§§≈≈....#
##....#
≈≈≈≈§§≈≈≈.....#
##)(...#
§§§§§§≈≈§....##
##)(##..#
≈§§≈≈§≈....###
##.(## .#
≈§≈≈§≈≈....##
##..## #
≈§§§§≈.....8###..##
§§≈§§§.....)..).∩#
≈≈≈≈§......8###§@##
...§......###
##5.## .........##
##dN# ####..####
##()# #### ##...N
#....# .5.## ...#
###


You could see a red draconian, a salamander and 2 friendly crimson imps.

Vanquished Creatures
  A hydra (Lair:1)
  2 two-headed ogres
  A death yak (Lair:3)
  A salamander mystic (Volcano)
  A manticore (D:10)
  3 salamanders (Volcano)
  A centaur zombie (D:9)
  A centaur skeleton (D:11)
  2 komodo dragons
  3 hippogriffs
  Eustachio (D:4)
  2 wyverns (D:9)
  16 yaks
  2 fire bats
  A basilisk (D:9)
  A golden eye (Lair:1)
  A golden eye (shapeshifter) (D:10)
  Edmund (D:4)
  3 water moccasins
  4 porcupines
  2 ice beasts
  2 sky beasts
  2 ogres
  2 phantoms
  A centaur (D:7)
  2 crocodiles
  6 wolves
  7 bullfrogs
  A wyvern skeleton (D:11)
  A scorpion (D:6)
  7 wights
  A lava snake (Volcano)
  7 crimson imps
  2 hounds
  A jelly (D:9)
  3 orc wizards
  4 orc priests
  Jessica (D:3)
  2 bullfrog skeletons
  9 worker ants
  A hound skeleton (D:11)
  8 adders
  An ooze (D:6)
  2 adder skeletons (D:4)
  2 worms
  A dart slug (D:3)
  A leopard gecko (D:5)
  16 orcs
  A ball python (D:3)
  3 giant cockroaches
  8 goblins
  4 hobgoblins
  5 jackals
  8 kobolds
  A quokka (D:9)
  6 bats
  8 frilled lizards
  A leopard gecko zombie (D:6)
  A quokka skeleton (D:8)
  5 rats
194 creatures vanquished.

Vanquished Creatures (collateral kills)
  Erolcha (D:9)
  3 hydras
  Erica (Lair:1)
  A two-headed ogre (D:10)
  An unseen horror (D:10)
  A salamander (Volcano)
  A black mamba (Lair:1)
  Maurice (D:8)
  8 spiny frogs
  3 komodo dragons
  A rime drake (Lair:4)
  A merfolk (D:10)
  8 blink frogs
  2 hippogriffs
  A wyvern (D:10)
  Sigmund (D:7)
  5 fire bats (Volcano)
  A steam dragon (shapeshifter) (Volcano)
  18 yaks
  Grum (D:8)
  An acid dragon (D:9)
  3 water moccasins
  4 orc warriors
  4 porcupines
  An ice beast (D:5)
  6 wolves
  A centaur (D:6)
  An ogre (D:5)
  3 crocodiles
  A big kobold (D:11)
  7 bullfrogs
  A water moccasin zombie (D:7)
  A wyvern skeleton (D:9)
  A scorpion (D:7)
  4 wights
  4 howler monkeys
  A jelly (D:8)
  5 lava snakes (Volcano)
  A bullfrog zombie (D:6)
  2 centaur skeletons (D:11)
  Crazy Yiuf (D:2)
  7 orc priests
  A hound (D:11)
  4 orc wizards
  A bullfrog skeleton (D:9)
  2 iguanas
  2 worker ants
  Robin (D:2)
  2 worker ant zombies
  4 gnolls (D:5)
  5 adders
  A worm (D:2)
  A dart slug (D:2)
  4 leopard geckos
  27 orcs
  2 gnoll zombies (D:5)
  9 goblins
  12 hobgoblins
  A jackal (D:11)
  A quokka (D:2)
  A bat (D:1)
  3 frilled lizards
  A jackal skeleton (D:7)
  7 kobolds
  A quokka zombie (D:6)
  3 rats
  A fungus (Lair:3)
217 creatures vanquished.

Vanquished Creatures (others)
  A dancing weapon (D:10)
  A bush (Lair:4)
  5 fungi
  2 plants
9 creatures vanquished.

Grand Total: 420 creatures vanquished

Notes
Turn   | Place    | Note
-------+----------+-------------------------------------------
     0 | D:1      | MatthieuS the Draconian Summoner began the quest for the Orb.
     0 | D:1      | Reached XP level 1. HP: 14/14 MP: 3/3
   484 | D:1      | Reached XP level 2. HP: 14/20 MP: 3/5
  1343 | D:1      | Learned a level 2 spell: Call Imp
  1603 | D:2      | Reached XP level 3. HP: 23/26 MP: 0/7
  2067 | D:2      | Noticed Robin
  2088 | D:2      | Killed Robin
  2207 | D:2      | Found a runed door.
  2211 | D:2      | Noticed Crazy Yiuf
  2235 | D:2      | Killed Crazy Yiuf
  2235 | D:2      | Reached XP level 4. HP: 33/33 MP: 2/8
  2465 | D:2      | Learned a level 3 spell: Call Canine Familiar
  2619 | D:2      | Learned a level 3 spell: Summon Guardian Golem
  2924 | D:3      | Reached skill level 5 in Summonings
  2935 | D:3      | Noticed Jessica
  2943 | D:3      | Killed Jessica
  2943 | D:3      | Reached skill level 1 in Staves
  2943 | D:3      | Reached XP level 5. HP: 36/38 MP: 0/10
  3569 | D:4      | Found a staircase to the Ecumenical Temple.
  3578 | Temple   | Entered the Ecumenical Temple
  3647 | Temple   | Became a worshipper of Warmaster Okawaru
  3710 | D:4      | Noticed an ogre
  3729 | D:4      | Killed an ogre
  3729 | D:4      | Reached XP level 6. HP: 36/45 MP: 9/12
  3977 | D:4      | Noticed Eustachio
  3987 | D:4      | Killed Eustachio
  3987 | D:4      | Reached * piety under Okawaru
  4054 | D:4      | Noticed Edmund
  4079 | D:4      | Killed Edmund
  4079 | D:4      | Reached skill level 6 in Summonings
  4079 | D:4      | Your scales start taking on a lurid green colour.
  4079 | D:4      | Reached XP level 7. HP: 31/50 MP: 14/14
  4079 | D:4      | Gained mutation: Your system is resistant to poisons. (rPois) [Green Draconian growth]
  4208 | D:4      | Learned a level 4 spell: Summon Lightning Spire
  4791 | D:5      | Entered Level 5 of the Dungeon
  4836 | D:5      | Reached skill level 5 in Spellcasting
  5014 | D:5      | Reached ** piety under Okawaru
  5164 | D:5      | Reached skill level 1 in Fighting
  5760 | D:5      | Found a basalt altar of Yredelemnul.
  5830 | D:6      | Found a shadowy altar of Dithmenos.
  5893 | D:6      | Reached skill level 7 in Summonings
  5937 | D:6      | Reached XP level 8. HP: 62/62 MP: 15/15
  6429 | D:6      | Noticed Sigmund
  6914 | D:6      | Reached skill level 8 in Summonings
  7235 | D:6      | Found a hide-covered altar of Uskayaw.
  7238 | D:6      | Found a blossoming altar of Fedhas.
  7574 | D:7      | Reached *** piety under Okawaru
  7687 | D:7      | Reached skill level 9 in Summonings
  7712 | D:7      | Found a deep blue altar of Sif Muna.
  7767 | D:7      | Killed Sigmund
  8060 | D:7      | Reached XP level 9. HP: 55/73 MP: 12/16
  8066 | D:7      | Reached skill level 5 in Fighting
  8354 | D:7      | Found a shimmering altar of Xom.
  8354 | D:7      | Found a bloodstained altar of Trog.
  8514 | D:7      | Noticed an ice statue
  8721 | D:7      | Reached **** piety under Okawaru
  8726 | D:7      | Reached skill level 5 in Staves
  9073 | D:8      | Noticed Maurice
  9074 | D:8      | Found a snail-covered altar of Cheibriados.
  9090 | D:8      | Killed Maurice
  9240 | D:8      | Noticed a two-headed ogre
  9265 | D:8      | Killed a two-headed ogre
  9265 | D:8      | Reached ***** piety under Okawaru
  9418 | D:8      | Found a hazy altar of Hepliaklqana.
  9418 | D:8      | Found a sparkling altar of Nemelex Xobeh.
  9499 | D:8      | Noticed Grum
  9521 | D:8      | Killed Grum
  9525 | D:8      | Reached skill level 10 in Summonings
  9833 | D:9      | Noticed Erolcha
  9846 | D:9      | Killed Erolcha
  9846 | D:9      | Reached XP level 10. HP: 81/81 MP: 11/19
  9945 | D:9      | Learned a level 4 spell: Summon Ice Beast
 10601 | D:9      | Learned a level 3 spell: Tukima's Dance
 10606 | D:9      | Learned a level 2 spell: Ensorcelled Hibernation
 11024 | D:9      | Received a gift from Okawaru
 11024 | D:9      | Reached skill level 1 in Ice Magic
 11105 | D:9      | Reached skill level 1 in Hexes
 11176 | D:9      | Received a gift from Okawaru
 11425 | D:9      | Found a staircase to the Lair.
 11584 | D:9      | Found a staircase to the Orcish Mines.
 11964 | D:10     | Entered Level 10 of the Dungeon
 12055 | D:10     | Noticed an unseen horror
 12073 | D:10     | Killed an unseen horror
 12469 | D:10     | Noticed a two-headed ogre
 12487 | D:10     | Killed a two-headed ogre
 12585 | D:10     | Reached skill level 5 in Dodging
 12651 | D:10     | Noticed an unseen horror
 12766 | D:10     | Noticed a two-headed ogre
 12780 | D:10     | Killed a two-headed ogre
 12974 | D:10     | an unseen horror changed into a fire bat
 13396 | D:11     | Found Uczoq's Book Boutique.
 13396 | D:11     | Noticed DoctorBileduct's ghost (journeyman MiBe)
 13398 | D:11     | Noticed Sergey's ghost (journeyman TeWz)
 13504 | D:11     | Found Raxenish's Gadget Boutique.
 13689 | D:11     | Got a bloodstained morningstar
 13690 | D:11     | Identified the +8 morningstar of the Ring {crush, *Corrode +Fly rElec} (You found it on level 11 of the Dungeon)
 13708 | D:11     | Reached XP level 11. HP: 86/86 MP: 22/22
 15037 | Lair:1   | Entered Level 1 of the Lair of Beasts
 15037 | Lair:1   | Noticed Joseph
 15564 | Lair:1   | Reached ****** piety under Okawaru
 15821 | Lair:1   | Noticed an eight-headed hydra
 15836 | Lair:1   | Killed an eight-headed hydra
 15836 | Lair:1   | Received a gift from Okawaru
 16011 | Lair:1   | Noticed Joseph
 16011 | Lair:1   | Joseph changed into Joseph the golden eye
 16011 | Lair:1   | Killed Joseph the golden eye
 16321 | Lair:1   | Noticed Erica
 16335 | Lair:1   | Killed Erica
 16472 | Lair:1   | Noticed Fannar
 16995 | Lair:1   | Noticed an eight-headed hydra
 17004 | Lair:1   | Killed an eight-headed hydra
 17455 | Lair:1   | Reached skill level 11 in Summonings
 18004 | Lair:2   | Noticed an eight-headed hydra
 18020 | Lair:2   | Killed an eight-headed hydra
 18367 | Lair:2   | Got a jewelled war axe
 18368 | Lair:2   | Identified the +1 war axe of the Oracle {chop, +Blink Int+2 Stlth+} (You found it on level 2 of the Lair of Beasts)
 18561 | Lair:2   | Received a gift from Okawaru
 18561 | Lair:2   | Reached XP level 12. HP: 94/94 MP: 17/24
 18840 | Lair:3   | Noticed a seven-headed hydra
 18853 | Lair:3   | Killed a seven-headed hydra
 19693 | Lair:3   | Reached skill level 10 in Staves
 19773 | Lair:3   | Noticed a death yak
 19773 | Lair:3   | Noticed a death yak
 19774 | Lair:3   | Noticed a death yak
 19792 | Lair:3   | Killed a death yak
 19826 | Lair:3   | Noticed an entropy weaver
 19826 | Lair:3   | a death yak changed into an entropy weaver
 20342 | Lair:3   | Received a gift from Okawaru
 20909 | Lair:4   | Found a staircase to the Swamp.
 21137 | Lair:4   | Found a dark tunnel.
 21145 | Volcano  | Entered a volcano
 21824 | Volcano  | Noticed a red draconian
 21837 | Volcano  | HP: 3/96 [red draconian/searing blast (17)]
 21845 | Volcano  | Shot with an arrow by a salamander

Vault maps used:
D:1:      scummos_arrival_simple_crosswalls
D:2:      uniq_robin, uniq_crazy_yiuf_cottage
D:3:      first_bread, uniq_jessica
D:4:      minmay_temple_entry_crystal_x, uniq_edmund, uniq_eustachio
D:5:      lemuel_zombie_altar_yredelemnul
D:6:      gammafunk_temple_overflow_statue, grunt_dithmenos_shadows,
          uniq_sigmund
D:7:      lemuel_ice_statue, nicolae_overflow_hidden_temple
D:8:      chequers_temple_overflow_statue_of_worship, kennysheep_mini,
          uniq_grum, uniq_maurice
D:9:      erik_lair_dragon, orc_0_dummy, uniq_erolcha
D:10:     hangedman_stone_soup
D:11:     serial_shops, shop, nicolae_shop_behind_doors,
          nicolae_shop_behind_doors
Temple:   minmay_temple_curvy_loop
Lair:1:   grunt_megastairs_4, uniq_joseph, uniq_fannar, uniq_erica
Lair:2:   patterned_corridor
Lair:4:   swamp_mist_pool, guppyfry_snake_entry_garden, enter_volcano_2,
          minivault_27, grunt_megastairs_5
Volcano:  volcano_grotto

Skill      XL: |  1  2  3  4  5  6  7  8  9 10 11 12 |
---------------+-------------------------------------+-----
Spellcasting   | 3 4 5 6 7 8 9 |  9.6
Summonings     | 5 6 7 9 10 11 | 11.9
Staves         | 1 2 3 4 6 7 9 10 | 10.7
Fighting       | 2 4 5 6 |  6.2
Dodging        | 3 5 7 |  7.0
Ice Magic      | 1 |  1.0
Hexes          | 3 |  3.3
Stealth        | |  1.7

Action                   |  1- 3 |  4- 6 |  7- 9 | 10-12 || total
-------------------------+-------+-------+-------+-------++-------
Melee: Unarmed           |    22 |       |       |       ||    22
       Dagger            |    71 |       |       |       ||    71
       Tailslap          |     7 |     8 |    18 |    81 ||   114
       Quarterstaff      |       |    86 |   200 |   522 ||   808
       Morningstar       |       |       |       |    18 ||    18
Throw: Stone             |     4 |     5 |       |       ||     9
 Cast: Summon Small Mamm |    24 |     1 |    17 |       ||    42
       Call Imp          |    15 |    14 |   103 |   141 ||   273
       Call Canine Famil |       |    13 |    36 |    42 ||    91
       Summon Guardian G |       |     1 |    10 |    17 ||    28
       Summon Lightning  |       |       |     6 |    14 ||    20
       Summon Ice Beast  |       |       |       |   116 ||   116
       Tukima's Dance    |       |       |       |    10 ||    10
       Ensorcelled Hiber |       |       |       |    14 ||    14
Invok: Heroism           |       |       |       |     4 ||     4
 Abil: Breathe Noxious F |       |       |       |    23 ||    23
Evoke: Wand              |       |       |       |     5 ||     5
  Use: Scroll            |       |     5 |     3 |    22 ||    30
       Potion            |       |       |       |    15 ||    15
 Stab: Sleeping          |     3 |     1 |     3 |       ||     7
       Distracted        |       |     2 |     3 |     3 ||     8
       Petrified         |       |       |     3 |     1 ||     4
       Confused          |       |       |       |     7 ||     7
       Paralysed         |       |       |       |     7 ||     7
  Eat: Chunk             |     5 |     8 |    12 |    30 ||    55
       Bread ration      |       |       |     3 |     2 ||     5
       Fruit             |       |       |     3 |     4 ||     7
       Royal jelly       |       |       |       |     8 ||     8
Armor: Skin              |    17 |    29 |    85 |   174 ||   305
Dodge: Dodged            |    68 |    57 |   144 |   437 ||   706
